 Dungeon Crawl Stone Soup version 0.20.0-15-g7f486f2 (webtiles) character file.

4402 JohnnyMnemonic the Impaler (level 10, -3/74 HPs)
             Began as a Merfolk Gladiator on July 4, 2017.
             Was a Believer of Okawaru.
             Slain by a yak (16 damage)
             ... on level 9 of the Dungeon.
             The game lasted 00:12:31 (8615 turns).

JohnnyMnemonic the Impaler (Merfolk Gladiator)      Turns: 8615, Time: 00:12:31

Health: -3/74      AC:  8    Str: 18    XL:     10   Next: 35%
Magic:  13/14      EV: 24    Int: 10    God:    Okawaru [**....]
Gold:   564        SH:  0    Dex: 15    Spells: 9/9 levels left

rFire    . . .     SeeInvis +   h - +0 halberd
rCold    . . .     Gourm    .   (shield currently unavailable)
rNeg     . . .     Faith    .   z - +2 robe of Qarom {Int+2 SInv}
rPois    .         Spirit   .   c - +0 helmet
rElec    .         Reflect  .   (no cloak)
rCorr    .         Harm     .   v - +0 pair of gloves
MR       .....                  F - +0 pair of boots
Stlth    +++.......             (no amulet)
Regen    0.3/turn               H - +3 ring of evasion
MPRegen  0.2/turn               (no ring)

@: heroism
A: change form in water, swift swim, stealthy swim
a: Heroism, Renounce Religion


You were on level 9 of the Dungeon.
You worshipped Okawaru.
Okawaru was pleased with you.
You were not hungry.

You visited 2 branches of the dungeon, and saw 10 of its levels.

You collected 564 gold pieces.

Inventory:

Hand Weapons
 e - a +1 spear of flaming
 g - a +0 arbalest
 h - a +0 halberd (weapon)
Missiles
 R - a throwing net (quivered)
Armour
 c - a +0 helmet (worn)
 m - a +0 chain mail
 v - a +0 pair of gloves (worn)
 z - the +2 robe of Qarom (worn) {Int+2 SInv}
   (You found it on level 6 of the Dungeon)

   It affects your intelligence (+2).
   It lets you see invisible.
 F - a +0 pair of boots (worn)
Jewellery
 H - a +3 ring of evasion (left hand)
 S - an uncursed amulet of harm
Wands
 x - a wand of clouds (5/9)
 y - a wand of disintegration (5/24)
 B - a wand of acid (4/15)
 E - a wand of flame (34/48)
 G - a wand of flame (16/48)
 I - a wand of enslavement (13/24)
 N - a wand of disintegration (6/24)
 O - a wand of acid (11/15)
Scrolls
 b - 2 scrolls of teleportation {unknown}
 i - 2 scrolls of remove curse
 j - 2 scrolls of enchant weapon {unknown}
 k - a scroll of recharging {unknown}
 l - 7 scrolls of identify
 n - a scroll of amnesia {unknown}
 p - 3 scrolls of magic mapping {unknown}
 q - 2 scrolls of immolation {unknown}
 s - a scroll of blinking {unknown}
 t - 2 scrolls of noise {unknown}
 w - a scroll of random uselessness {unknown}
 C - a scroll of fear {unknown}
 J - a scroll of brand weapon {unknown}
Potions
 a - a potion of invisibility {unknown}
 o - 2 potions of haste
 r - a potion of heal wounds {unknown}
 u - a potion of agility {unknown}
 A - a potion of lignification {unknown}
 L - a potion of curing {unknown}
Books
 D - a book of Debilitation

   Spells                             Type                      Level
   a - Corona                         Hexes                        1
   b - Slow                           Hexes                        2
   c - Inner Flame                    Hexes/Fire                   3
   d - Portal Projectile              Hexes/Translocation          3
   e - Cause Fear                     Hexes                        4
   f - Leda's Liquefaction            Hexes/Earth                  4
 K - a book of Callings

   Spells                             Type                      Level
   a - Summon Small Mammal            Summoning                    1
   b - Call Imp                       Summoning                    2
   c - Call Canine Familiar           Summoning                    3
   d - Summon Guardian Golem          Hexes/Summoning              3
   e - Summon Lightning Spire         Summoning/Air                4
   f - Summon Ice Beast               Ice/Summoning                4
Comestibles
 d - 2 royal jellies
 f - 3 bread rations
 M - a meat ration
 P - 12 chunks of flesh
 Q - 2 fruits


   Skills:
 - Level 5.0(10.0) Fighting
 - Level 16.3(21.3) Polearms
 - Level 2.0(7.0) Throwing
 - Level 7.2(12.2) Dodging
 + Level 6.3 Invocations


You had 9 spell levels left.
You didn't know any spells.

Dungeon Overview and Level Annotations

Branches:
Dungeon (9/15)             Temple (1/1) D:7            Lair (0/6) D:9
    Orc: D:9-12

Altars:
Ashenzari
Cheibriados
Dithmenos
Elyvilon
Fedhas
Gozag
Hepliaklqana
Kikubaaqudgha
Makhleb
Nemelex Xobeh
Okawaru
Qazlal
Ru
Sif Muna
Trog
Uskayaw
Vehumet
Xom
Yredelemnul
Zin
The Shining One


Message History

You kill the leopard gecko!
Okawaru accepts your kill.
You slash the yak!
The yak is moderately wounded.
You barely miss the yak.
The yak is moderately wounded.
The yak completely misses you.
You hit the yak.
The yak is heavily wounded.
The yak gores you!
* * * LOW HITPOINT WARNING * * *
You puncture the yak!
The yak is severely wounded.
The yak completely misses you.
You barely miss the yak.
The yak is severely wounded.
You hit the yak but do no damage.
The yak is severely wounded.
The yak gores you!
You die...
P.PP.. #..# PP.... #..####### ..P..P# #.(.......
P.PPPY. #......... ..PPPPl##..####### P.PPPPP....# P..PPP††...# PPP.PP.P##Y#

>PPP..P.##@#
.P..PPP.##.#
P..PP...##.#
P.P..P..##.#
..P.P..###.#
PP.P... #.#
#.# #.#


You could see a yak.

Vanquished Creatures
  The ghost of JohnnyMnemonic the Chopper, a novice FoFi of Ru (D:5)
  The ghost of mythresam the Covert, a novice SpEn of Dithmenos (D:7)
  A hornet (D:7)
  Grinder (D:3)
  A yak (D:9)
  A hungry ghost (D:7)
  Menkaure (D:5)
  A water moccasin (D:8)
  2 porcupines (D:9)
  4 sky beasts
  4 ogres
  A centaur (D:5)
  A crocodile (D:9)
  A big kobold (D:7)
  5 bullfrogs
  A scorpion (D:6)
  12 killer bees
  2 howler monkeys
  A crimson imp (D:7)
  A bullfrog zombie (D:6)
  A centaur zombie (D:6)
  3 hounds
  5 orc wizards
  6 orc priests
  2 iguanas
  A hound skeleton (D:7)
  8 gnolls
  7 adders
  A howler monkey skeleton (D:6)
  2 shadow imps
  3 oozes
  2 adder zombies (D:5)
  2 adder skeletons
  2 worms (D:2)
  2 dart slugs
  7 leopard geckos
  24 orcs
  2 ball pythons
  4 bats (D:1)
  2 giant cockroaches
  9 goblins
  6 hobgoblins
  3 jackals (D:2)
  12 kobolds
  4 quokkas
  6 frilled lizards
  2 leopard gecko skeletons
  9 rats
180 creatures vanquished.

Notes
Turn   | Place    | Note
-------+----------+-------------------------------------------
     0 | D:1      | JohnnyMnemonic the Merfolk Gladiator began the quest for the Orb.
     0 | D:1      | Reached XP level 1. HP: 16/16 MP: 1/1
   127 | D:1      | Reached skill level 5 in Polearms
   127 | D:1      | Reached XP level 2. HP: 22/22 MP: 2/2
   172 | D:1      | Found a shimmering altar of Xom.
   527 | D:1      | Reached XP level 3. HP: 23/27 MP: 3/3
   530 | D:1      | Reached skill level 6 in Polearms
   747 | D:2      | Reached skill level 7 in Polearms
   747 | D:2      | Reached XP level 4. HP: 8/33 MP: 4/4
  1470 | D:2      | Found a burning altar of Makhleb.
  1799 | D:3      | Reached skill level 8 in Polearms
  1799 | D:3      | Reached XP level 5. HP: 33/38 MP: 5/5
  2086 | D:3      | Noticed Grinder
  2091 | D:3      | Paralysed by Grinder for 3 turns
  2100 | D:3      | Killed Grinder
  2100 | D:3      | Reached skill level 10 in Polearms
  2100 | D:3      | Reached XP level 6. HP: 6/44 MP: 6/6
  3152 | D:4      | Reached XP level 7. HP: 38/50 MP: 7/7
  3178 | D:4      | Reached skill level 11 in Polearms
  3636 | D:5      | Entered Level 5 of the Dungeon
  3736 | D:5      | Noticed JohnnyMnemonic's ghost (novice FoFi)
  3761 | D:5      | Killed JohnnyMnemonic's ghost
  3761 | D:5      | Reached skill level 12 in Polearms
  4059 | D:5      | Reached XP level 8. HP: 27/56 MP: 8/8
  4230 | D:5      | Reached skill level 13 in Polearms
  4369 | D:5      | Noticed Menkaure
  4371 | D:5      | Found a hide-covered altar of Uskayaw.
  4374 | D:5      | Found a deep blue altar of Sif Muna.
  4374 | D:5      | Found a sparkling altar of Nemelex Xobeh.
  4380 | D:5      | Killed Menkaure
  4380 | D:5      | Reached skill level 14 in Polearms
  5092 | D:6      | Got a steaming robe
  5515 | D:6      | Reached skill level 15 in Polearms
  5550 | D:6      | Reached XP level 9. HP: 54/61 MP: 9/9
  6021 | D:6      | Identified the +2 robe of Qarom {Int+2 SInv} (You found it on level 6 of the Dungeon)
  6163 | D:7      | Noticed mythresam's ghost (novice SpEn)
  6202 | D:7      | Killed mythresam's ghost
  6202 | D:7      | Reached skill level 16 in Polearms
  6539 | D:7      | Found a blossoming altar of Fedhas.
  6540 | D:7      | Found an ancient bone altar of Kikubaaqudgha.
  6695 | D:7      | Reached skill level 5 in Dodging
  6704 | D:7      | Found a staircase to the Ecumenical Temple.
  6718 | Temple   | Entered the Ecumenical Temple
  6781 | Temple   | Became a worshipper of Warmaster Okawaru
  6838 | D:7      | Found an opulent altar of Gozag.
  6857 | D:7      | Noticed a hornet
  6870 | D:7      | Paralysed by a hornet for 1 turns
  6872 | D:7      | Killed a hornet
  7236 | D:7      | Reached skill level 5 in Fighting
  7607 | D:7      | Reached * piety under Okawaru
  7759 | D:7      | Reached skill level 1 in Invocations
  7883 | D:8      | Reached XP level 10. HP: 61/74 MP: 7/11
  8221 | D:8      | Found a glowing golden altar of the Shining One.
  8230 | D:8      | Reached skill level 5 in Invocations
  8574 | D:9      | Found a staircase to the Lair.
  8594 | D:9      | Reached ** piety under Okawaru
  8615 | D:9      | Slain by a yak

Skill      XL: |  1  2  3  4  5  6  7  8  9 10 |
---------------+-------------------------------+-----
Polearms       | 5 7 8 10 12 15 16 | 16.3
Fighting       | 5 |  5.0
Dodging        | 7 |  7.2
Invocations    | 1 6 |  6.3
Throwing       | |  2.0

Action                   |  1- 3 |  4- 6 |  7- 9 | 10-12 || total
-------------------------+-------+-------+-------+-------++-------
Melee: Trident           |     8 |       |       |       ||     8
       Spear             |     8 |       |       |       ||     8
       Halberd           |    51 |   148 |   346 |    91 ||   636
Invok: Heroism           |       |       |     1 |     2 ||     3
  Use: Scroll            |       |     1 |     1 |       ||     2
       Potion            |       |       |     5 |       ||     5
 Stab: Sleeping          |     4 |       |     1 |       ||     5
  Eat: Chunk             |       |     7 |    15 |     2 ||    24
       Royal jelly       |       |       |     1 |       ||     1
Armor: Leather armour    |    13 |    20 |       |       ||    33
       Chain mail        |       |    21 |    57 |       ||    78
       Robe              |       |       |    30 |     8 ||    38
Dodge: Dodged            |    35 |    84 |   150 |    62 ||   331
